 Dungeon Crawl Stone Soup version 0.27.0-1-g7a089689b8 (webtiles) character file.

Game seed: 14783066867993079131

9414 backslashecho the Cleaver (level 11, -12/91 HPs)
             Began as a Hill Orc Monk on Aug 6, 2021.
             Was an Elder of Dithmenos.
             Mangled by a shadow (28 damage)
             ... on level 10 of the Dungeon.
             The game lasted 00:40:18 (15841 turns).

backslashecho the Cleaver (Hill Orc Monk)          Turns: 15841, Time: 00:40:19

Health: -12/91     AC: 19    Str: 19    XL:     11   Next: 46%
Magic:  16/16      EV: 12    Int: 10    God:    Dithmenos [****..]
Gold:   121        SH: 11    Dex: 13    Spells: 10/10 levels left

rFire    . . .     SeeInvis .   a - +0 hand axe
rCold    + . .     Faith    .   w - +0 kite shield "Ehooli" {Str+3}
rNeg     . . .     Spirit   .   h - +0 chain mail
rPois    .         Reflect  .   i - +1 helmet
rElec    .         Harm     .   z - +1 cloak {Stlth+}
rCorr    .         Rampage  .   v - +0 pair of gloves
Will     .....                  A - +1 pair of boots
Stlth    ..........             (no amulet)
HPRegen  0.25/turn              c - ring of protection from cold
MPRegen  0.15/turn              n - +4 ring of evasion

@: wreathed by umbra
A: fangs 1, weak 1, sturdy frame 1
a: Renounce Religion, Shadow Step


You were on level 10 of the Dungeon.
You worshipped Dithmenos.
Dithmenos was greatly pleased with you.
You visited 2 branches of the dungeon, and saw 11 of its levels.

You collected 495 gold pieces.
You spent 374 gold pieces at shops.

Inventory:

Hand Weapons
 a - a +0 hand axe (weapon)
 p - a +0 war axe
Missiles
 g - 26 poisoned darts (quivered)
Armour
 h - a +0 chain mail (worn)
 i - a +1 helmet (worn)
 v - a +0 pair of gloves (worn)
 w - the +0 kite shield "Ehooli" (worn) {Str+3}
   (You bought it in a shop on level 3 of the Dungeon)

   Str:       It affects your strength (+3).
 z - a +1 cloak of stealth (worn)
 A - a +1 pair of boots (worn)
Jewellery
 c - a ring of protection from cold (left hand)
 d - a ring of protection from fire
 j - a ring of poison resistance
 n - a +4 ring of evasion (right hand)
 r - a ring of protection from cold
Wands
 b - a wand of acid (8)
 u - a wand of flame (34)
 C - a wand of charming (7)
 D - a wand of polymorph (9)
 E - a wand of paralysis (23)
Scrolls
 f - a scroll of teleportation
 l - a scroll of fog
 o - 3 scrolls of identify
 q - a scroll of amnesia {unknown}
 t - 2 scrolls of brand weapon {unknown}
 x - a scroll of silence {unknown}
 y - a scroll of vulnerability {unknown}
Potions
 e - 3 potions of brilliance
 m - a potion of magic
 s - a potion of might
Miscellaneous
 B - a piece from Xom's chessboard (14/15)


   Skills:
 + Level 6.6 Fighting
 + Level 13.1 Axes
 - Level 9.0 Armour
 - Level 2.4 Dodging
 - Level 1.5 Stealth
 + Level 9.0 Shields
 - Level 1.0 Unarmed Combat
 - Level 7.4 Invocations
 + Level 4.3 Evocations


You had 10 spell levels left.
You didn't know any spells.
Your spell library contained the following spells:

 Spells                   Type           Power      Damage    Failure   Level
 Shock                    Conj/Air       0%         1d3       99%         1
 Blink                    Tloc           N/A        N/A       99%         2
 Slow                     Hex            0%         N/A       99%         2
 Confusing Touch          Hex            0%         N/A       100%        3
 Lesser Beckoning         Tloc           0%         N/A       100%        3
 Swiftness                Air            0%         N/A       100%        3
 Vampiric Draining        Necr           0%         2d6       100%        3
 Airstrike                Air            0%         N/A       100%        4
 Manifold Assault         Tloc           0%         N/A       100%        5


Dungeon Overview and Level Annotations

Branches:
Dungeon (10/15)            Temple (1/1) D:6            Lair (0/6) D:8
    Orc (0/2) D:10

Altars:
Ashenzari
Cheibriados
Dithmenos
Elyvilon
Fedhas
Gozag
Hepliaklqana
Makhleb
Nemelex Xobeh
Okawaru
Qazlal
Ru
Sif Muna
Trog
Uskayaw
Vehumet
Wu Jian
Xom
Yredelemnul
Zin
The Shining One

Shops:
D:2 [[   D:3 [::?

Annotations:
D:4 Dowan, Duvessa


Innate Abilities, Weirdness & Mutations

You have very sharp teeth.
You are weak. (Str -2)
Your movements are slightly less encumbered by armour. (ER -2)


Message History

The shadow strikes at you from the darkness!
* * * LOW HITPOINT WARNING * * *
Reactivating autopickup.
You take 7 damage, and have 18/91 hp.
You hit the shadow. You bite the shadow, but do no damage.
The shadow is lightly damaged.
Your shadow hits the shadow but does no damage.
The shadow hits you.
* * * LOW HITPOINT WARNING * * *
You take 2 damage, and have 16/91 hp.
You closely miss the shadow.
The shadow is lightly damaged.
Press: ? - help, v - describe, . - travel
Here: a shadow (blue smoke, lightly damaged, umbra)
The floor, spattered with blood.
Unknown command.
You closely miss the shadow.
The shadow is lightly damaged.
The shadow hits you.
You hit the shadow but do no damage.
The shadow is lightly damaged.
The shadow barely misses you.
You hit the shadow but do no damage.
The shadow is lightly damaged.
The shadow hits you.
* * * LOW HITPOINT WARNING * * *
You take 2 damage, and have 15/91 hp.
You hit the shadow.
The shadow is moderately damaged.
The shadow hits you.
You hit the shadow. Your bite misses the shadow.
The shadow is moderately damaged.
You closely miss the shadow. You bite the shadow.
The shadow is moderately damaged.
Your shadow closely misses the shadow.
The shadow slips into darkness.
The shadow flickers and vanishes!
Deactivating autopickup; reactivate with Ctrl-A.
The shadow strikes at you from the darkness!
You die...

.... #.....# .... #...#.....#..
...####.....# .....##..(#######..
...#........# .....#......... ...
...#........# .....'......... ...
...#..<....## .....#......### ###
..<#.......# .....#......#
...#.......# .... #......#..
...#.......#########......'..
...#.......((..§@{§§......#$.
...#.........#######......#..
...#.........# #......#
####.........# #......#######
.............# #.............
.............# #.............
.............#######.............
.................................
(...........###.........#########


There were no monsters in sight!

Vanquished Creatures
  3 two-headed ogres
  Pikel (D:6)
  Maurice (D:9)
  Prince Ribbit (D:7)
  A wyvern (D:9)
  19 yaks
  Grum (D:9)
  2 water moccasins
  An acid dragon (D:7)
  An orc warrior (D:10)
  A hornet zombie (D:7)
  A sky beast (D:8)
  2 ice beasts
  A black bear (D:5)
  An ogre (D:6)
  2 necrophages
  3 wolves (D:9)
  A centaur (D:9)
  A lemure (D:7)
  2 kobold brigands
  3 bullfrogs
  A gnoll sergeant (D:9)
  A water moccasin zombie (D:7)
  A water moccasin skeleton (D:7)
  10 killer bees
  8 wights
  2 centaur zombies
  2 hounds
  A human zombie (D:7)
  A gnoll shaman (D:5)
  A jelly (D:7)
  3 iguanas
  Ijyb (D:4)
  3 orc wizards
  A killer bee zombie (D:7)
  A howler monkey zombie (D:9)
  3 mummies (D:7)
  7 gnolls
  An adder (D:3)
  2 ufetubi
  A dart slug (D:4)
  16 orcs
  4 ball pythons
  8 endoplasms
  7 goblins
  7 hobgoblins
  3 quokkas
  5 bats
  3 frilled lizards
  13 kobolds
  7 rats
173 creatures vanquished.

Notes
Turn   | Place    | Note
-------+----------+-------------------------------------------
     0 | D:1      | backslashecho the Hill Orc Monk began the quest for the
                  | Orb.
     0 | D:1      | Reached XP level 1. HP: 19/19 MP: 1/1
     6 | D:1      | Noticed a salamander
     6 | D:1      | Noticed a lindwurm
     7 | D:1      | Noticed a hound
     7 | D:1      | Noticed a wyvern
   358 | D:1      | Reached XP level 2. HP: 23/27 MP: 2/2
  1088 | D:1      | Reached skill level 1 in Unarmed Combat
  1167 | D:1      | Reached skill level 1 in Armour
  1369 | D:2      | Reached XP level 3. HP: 33/33 MP: 3/3
  1402 | D:2      | Found Qampeschy's Armour Emporium.
  1430 | D:2      | You fall into a shaft and drop 1 floor!
  1430 | D:3      | Found Wocom's Book Shop.
  1506 | D:3      | Found Giysuje's Armour Shoppe.
  1723 | D:2      | Found Pesy's Armour Boutique.
  1899 | D:2      | Reached skill level 5 in Axes
  2446 | D:3      | Reached XP level 4. HP: 40/40 MP: 4/4
  2532 | D:3      | Found Nesil's Magic Scroll Shoppe.
  2623 | D:3      | Found an iron altar of Okawaru.
  2721 | D:3      | Found Foruq's Book Shop.
  3029 | D:4      | Noticed Ijyb
  3088 | D:4      | Killed Ijyb
  3089 | D:4      | Reached XP level 5. HP: 14/47 MP: 5/5
  3339 | D:4      | Found a shimmering blue altar of Sif Muna.
  3353 | D:4      | Found a stormy altar of Qazlal.
  3359 | D:4      | Found a glowing golden altar of the Shining One.
  3359 | D:4      | Found an ornate altar of the Wu Jian Council.
  3397 | D:4      | Found a blossoming altar of Fedhas.
  3551 | D:4      | Noticed Dowan
  3552 | D:4      | Noticed Duvessa
  3910 | D:5      | Entered Level 5 of the Dungeon
  3965 | D:5      | Reached skill level 6 in Axes
  4154 | D:5      | Noticed a water moccasin
  5189 | D:5      | Reached skill level 5 in Fighting
  5189 | D:5      | Reached XP level 6. HP: 41/56 MP: 6/6
  5466 | D:5      | Noticed a black bear
  5493 | D:5      | Killed a black bear
  5494 | D:5      | Reached skill level 7 in Axes
  5966 | D:6      | Found a hide-covered altar of Uskayaw.
  6046 | D:6      | Found a white marble altar of Elyvilon.
  6143 | D:6      | Found a staircase to the Ecumenical Temple.
  6273 | Temple   | Entered the Ecumenical Temple
  6641 | Temple   | Became a worshipper of Dithmenos the Shadowed
  6641 | Temple   | Reached * piety under Dithmenos
  6641 | Temple   | Reached ** piety under Dithmenos
  6720 | D:6      | Noticed an ice beast
  6735 | D:6      | Killed an ice beast
  6736 | D:6      | Reached XP level 7. HP: 56/61 MP: 7/7
  6795 | D:6      | Reached skill level 8 in Axes
  7213 | D:3      | Bought the +0 kite shield "Ehooli" {Str+3} for 213 gold
                  | pieces
  7401 | D:7      | Reached skill level 1 in Shields
  7401 | D:7      | Reached skill level 1 in Invocations
  7694 | D:7      | Gained mutation: You are weak. (Str -2) [potion of
                  | mutation]
  7694 | D:7      | Gained mutation: Your movements are slightly less
                  | encumbered by armour. (ER -2) [potion of mutation]
  7694 | D:7      | Gained mutation: You have very sharp teeth. [potion of
                  | mutation]
  7860 | D:7      | Reached XP level 8. HP: 65/70 MP: 9/9
  7936 | D:7      | Noticed Pikel
  7993 | D:7      | HP: 3/70 [Pikel (1)]
  8207 | D:6      | Killed Pikel
  8208 | D:6      | Reached skill level 9 in Axes
  8208 | D:6      | Reached skill level 5 in Armour
  8985 | D:7      | Reached skill level 10 in Axes
  8997 | D:7      | Reached XP level 9. HP: 67/74 MP: 11/11
  9180 | D:7      | Reached skill level 5 in Shields
  9182 | D:7      | Found a basalt altar of Yredelemnul.
  9560 | D:7      | Noticed Prince Ribbit
  9570 | D:7      | Killed Prince Ribbit
  9644 | D:8      | Noticed a two-headed ogre
 10020 | D:8      | Noticed a two-headed ogre
 10094 | D:8      | Killed a two-headed ogre
 10095 | D:8      | Reached skill level 11 in Axes
 10095 | D:8      | Reached skill level 5 in Invocations
 10355 | D:8      | Reached XP level 10. HP: 83/83 MP: 14/14
 10449 | D:8      | Killed a two-headed ogre
 11080 | D:8      | Found a staircase to the Lair.
 11391 | D:9      | Reached *** piety under Dithmenos
 12099 | D:9      | Noticed a two-headed ogre
 12276 | D:9      | Killed a two-headed ogre
 12277 | D:9      | Reached skill level 12 in Axes
 12277 | D:9      | Reached skill level 1 in Evocations
 12664 | D:9      | Noticed Grum
 12716 | D:9      | Killed Grum
 13129 | D:9      | Noticed Maurice
 13175 | D:9      | Killed Maurice
 13327 | D:2      | Bought a +1 pair of boots for 161 gold pieces
 13958 | D:9      | Reached XP level 11. HP: 81/89 MP: 16/16
 14795 | D:10     | Entered Level 10 of the Dungeon
 14810 | D:10     | Found a staircase to the Orcish Mines.
 15790 | D:10     | Reached skill level 13 in Axes
 15829 | D:10     | Reached **** piety under Dithmenos
 15841 | D:10     | Mangled by a shadow

Illustrated notes

Levels and vault maps discovered:
D:1:      onia_arrival_zoo_common, layout_loops_ring, hangedman_feature_mirror,
          supply_closet_lemuel
D:2:      layout_basic, serial_shops, nicolae_square_shop,
          nicolae_shop_window_shopping
D:3:      layout_rooms, lemuel_round_altar, serial_shops, nicolae_shop_stone,
          shop, shop, nicolae_diamond_shop
D:4:      layout_loops_corners, grunt_temple_overflow_open, fedhas_altar_2,
          nrook_mini_backslash, grunt_ministairs_6, uniq_ijyb, uniq_duvessa
D:5:      layout_rooms
D:6:      layout_basic, mainiacjoe_overflow_alcove_4, elyvilon_altar_5,
          minmay_temple_entry_junction
D:7:      layout_loops_ring, lemuel_mausoleum_altar_yredelemnul, uniq_pikel,
          uniq_prince_ribbit1
D:8:      layout_cave_pods, lair_entry_dummy
D:9:      layout_roguey, uniq_grum, uniq_maurice
D:10:     layout_irregular_city, kiku_gazebo_garden_becter, orc_0_dummy,
          st_stairs_2
Temple:   hc_temple_tempest_star

Skill      XL: |  1  2  3  4  5  6  7  8  9 10 11 |
---------------+----------------------------------+-----
Unarmed Combat | 1 |  1.0
Armour         | 1 2 3 4 5 6 8 9 |  9.0
Fighting       | 4 5 6 |  6.6
Axes           | 5 6 7 8 10 11 12 13 | 13.1
Shields        | 1 4 6 8 9 |  9.0
Invocations    | 1 3 6 7 |  7.4
Evocations     | 2 4 |  4.3
Dodging        | |  2.4
Stealth        | |  1.5

Action                   |  1- 3 |  4- 6 |  7- 9 | 10-12 || total
-------------------------+-------+-------+-------+-------++-------
Melee: Hand axe          |   169 |   201 |   392 |   676 ||  1438
       Unarmed           |       |    20 |       |       ||    20
       Bite              |       |       |    36 |   105 ||   141
Throw: Dart              |       |       |     9 |    18 ||    27
Evoke: Wand              |       |       |     9 |    17 ||    26
       Piece from Xom's  |       |       |       |     2 ||     2
  Use: Potion            |       |     7 |     5 |     3 ||    15
       Scroll            |       |     4 |     3 |     4 ||    11
 Stab: Sleeping          |     2 |     1 |       |       ||     3
       Paralysed         |       |       |    22 |     5 ||    27
Armor: Robe              |     4 |       |       |       ||     4
       Ring mail         |    53 |    44 |    44 |       ||   141
       Skin              |       |    22 |    26 |     5 ||    53
       Scale mail        |       |       |     4 |       ||     4
       Chain mail        |       |       |    84 |   193 ||   277
Dodge: Dodged            |    92 |   158 |   154 |   258 ||   662
Block: Kite shield       |       |       |   149 |   339 ||   488
